Map: Cactus Valley LE (Void)

Players

YngFuture (Future) - Winner!

  • Race: Terran Terran
  • League: Grandmaster
  • Spawn Location: 7:00

Railgan

  • Race: Zerg Zerg
  • League: Grandmaster
  • Spawn Location: 5:00

VOD

Have the link to the VOD?

Description

Time

  • Played on: March 3, 2017, 3:34 p.m.
  • Length: 10:28
Show
View Real Time Build Order
Export as new Build Order

YngFuture Terran - Winner!

Build Orders: Reaper Expand, Bio Tank 

Get SALT Encoding   

  12  0:00  SCV  
  13  0:12  SCV  
  14  0:17  Supply Depot  
  14  0:24  SCV  
  15  0:39  SCV  
  15  0:40  Barracks  
  16  0:45  Refinery  
  16  0:51  SCV  
  17  1:03  SCV  
  18  1:15  SCV  
  19  1:27  Reaper, Orbital Command  
  20  1:40  Command Center  
  21  1:54  SCV  
  21  1:57  Barracks  
  21  1:59  Barracks Reactor  
  21  2:06  SCV  
  22  2:09  Supply Depot  
  22  2:14  Refinery  
  22  2:18  SCV  
  23  2:23  Factory  
  23  2:30  SCV  
  23  2:36  Marine x2  
  26  2:42  SCV  
  27  2:45  Barracks Tech Lab  
  27  2:51  Orbital Command  
  27  2:54  Marine, SCV  
  27  2:55  Marine  
  30  3:04  Stimpack  
  30  3:06  SCV  
  30  3:11  Marine  
  32  3:19  SCV  
  33  3:20  Starport  
  33  3:22  Factory Reactor  
  33  3:23  SCV  
  34  3:27  Marine  
  34  3:28  Marine  
  34  3:31  SCV  
  34  3:32  Marine  
  38  3:35  SCV  
  39  3:41  Supply Depot  
  39  3:43  SCV  
  39  3:45  Marine  
  39  3:46  Marine  
  39  3:47  SCV  
  42  3:49  Marine  
  42  3:54  Supply Depot  
  43  3:56  SCV  
  43  4:01  SCV  
  45  4:03  Marine  
  45  4:04  Marine  
  45  4:07  Medivac  
  45  4:08  SCV  
  45  4:09  Medivac  
  52  4:13  Marine, SCV  
  54  4:17  Factory Tech Lab  
  54  4:21  Marine, SCV  
  54  4:22  Marine  
  57  4:26  SCV  
  57  4:30  Marine  
  59  4:31  Engineering Bay  
  59  4:33  Supply Depot  
  59  4:34  SCV  
  59  4:38  SCV  
  61  4:39  Marine  
  61  4:40  Supply Depot  
  62  4:55  Marine, SCV x2  
  62  4:57  Barracks  
  62  4:58  Barracks, Terran Infantry Weapons Level 1  
  62  4:59  Barracks  
  65  5:03  Marine  
  65  5:04  Marine  
  67  5:07  SCV x2  
  67  5:13  Marine  
  70  5:19  SCV  
  70  5:21  Marine x2  
  66  5:25  Siege Tank  
  70  5:30  Marine, Refinery  
  70  5:31  SCV  
  70  5:32  Supply Depot  
  70  5:33  Refinery  
  72  5:38  Marine, Combat Shields  
  72  5:39  Marine  
  73  5:43  Supply Depot  
  73  5:44  Supply Depot  
  73  5:45  Barracks Reactor  
  73  5:46  Barracks Reactor  
  73  5:47  Barracks Reactor  
  73  5:49  Marine  
  73  5:56  Marine  
  75  5:57  Siege Tank  
  75  6:00  Marine  
  79  6:05  Supply Depot x2  
  79  6:07  Marine  
  80  6:14  Marine  
  80  6:15  Supply Depot  
  80  6:18  Marine  
  82  6:21  Marine x2  
  82  6:22  Marine  
  85  6:25  Marine x2  
  85  6:29  Siege Tank  
  77  6:34  Marine x3  
  77  6:35  Medivac  
  77  6:36  Marine, Medivac  
  77  6:39  Marine x2  
  86  6:40  Supply Depot  
  86  6:42  Marine  
  86  6:43  Marine x2  
  90  6:51  Marine x2  
  90  6:52  Marine, Terran Infantry Armor Level 1  
  90  6:53  Marine  
  80  7:03  Marine  
  80  7:04  Marine x4  
  83  7:09  Siege Tank, Marine  
  83  7:11  Medivac  
  89  7:19  Marine  
  89  7:20  Marine  
  89  7:21  Marine  
  92  7:28  Marine x4  
  96  7:32  Medivac, Marine  
  96  7:34  Marine  
  100  7:38  Marine  
  100  7:41  Siege Tank  
  100  7:43  Marine x2  
  106  7:51  Marine  
  106  7:57  Marine x5, SCV  
  102  8:02  Medivac  
  102  8:03  Supply Depot  
  102  8:04  Marine  
  105  8:08  Marine x2  
  105  8:09  Marine  
  108  8:13  Siege Tank  
  108  8:15  Marine x2  
  108  8:16  Marine x2  
  108  8:18  Marine  
  116  8:22  Marine  
  116  8:24  Medivac  
  116  8:26  Marine  
  120  8:27  Marine x2  
  120  8:32  Marine  
  120  8:33  Marine  
  124  8:35  Marine  
  124  8:36  Supply Depot  
  124  8:37  Marine  
  126  8:54  Marine  
  126  8:55  Marine x5  
  128  8:56  Siege Tank  
  128  9:00  Marine  
  136  9:04  Marine x2  
  126  9:11  Marine  
  126  9:13  Marine  
  108  9:18  Marine  
  108  9:19  Command Center  
  108  9:22  Marine  
  98  9:27  Marine  
  98  9:29  Marine x3  
  102  9:34  Siege Tank  
  102  9:35  Marine  
  106  9:38  Marine  
  106  9:41  Marine  
  106  9:45  Medivac x2, Marine  
  113  9:47  Marine  
  113  9:49  Marine  
  115  9:55  Marine  
  115  9:56  Marine x2  
  118  10:01  Marine  
  118  10:06  Marine  
  120  10:07  Marine  
Show
View Real Time Build Order
Export as new Build Order

Railgan Zerg 

Build Orders: Pool First, Lurkers 

Get SALT Encoding   

  12  0:01  Drone  
  13  0:12  Overlord  
  13  0:18  Drone  
  14  0:31  Drone x2  
  16  0:38  Drone  
  17  0:49  Drone, Spawning Pool  
  17  0:57  Drone  
  18  1:12  Hatchery  
  18  1:14  Extractor  
  18  1:17  Drone  
  17  1:20  Drone  
  18  1:28  Drone  
  19  1:35  Queen  
  19  1:39  Zergling x2  
  22  1:49  Overlord  
  22  2:08  Drone  
  22  2:11  Drone, Queen  
  26  2:16  Metabolic Boost  
  26  2:23  Drone  
  26  2:24  Queen  
  26  2:26  Drone  
  30  2:33  Drone  
  31  2:40  Drone  
  31  2:43  Overlord  
  32  2:45  Drone  
  32  2:46  Drone x3  
  36  2:58  Lair  
  36  3:05  Drone x2  
  38  3:10  Drone  
  38  3:11  Drone  
  39  3:16  Drone x2  
  39  3:19  Overlord  
  41  3:22  Drone x2  
  41  3:23  Drone  
  44  3:34  Overlord  
  44  3:46  Drone x2  
  44  3:47  Extractor  
  45  3:49  Extractor, Zergling x8  
  45  3:52  Overlord  
  45  3:53  Evolution Chamber  
  47  3:56  Drone x3  
  47  3:57  Hydralisk Den  
  47  3:59  Extractor, Drone  
  47  4:00  Drone  
  47  4:01  Drone  
  47  4:02  Queen  
  51  4:09  Overlord  
  53  4:13  Drone  
  54  4:19  Drone x3  
  54  4:20  Zerg Ground Armor Level 1  
  57  4:24  Zergling x4  
  58  4:34  Hydralisk, Zergling x2  
  58  4:35  Hydralisk  
  63  4:48  Hydralisk x2  
  67  4:53  Hydralisk  
  67  4:57  Hydralisk, Hatchery  
  67  4:58  Zergling x4  
  72  5:03  Muscular Augments  
  72  5:06  Overlord  
  69  5:08  Zergling x2  
  69  5:12  Hydralisk  
  72  5:19  Hydralisk x2  
  67  5:25  Hydralisk  
  67  5:26  Zergling x4  
  67  5:27  Zergling x2  
  70  5:37  Hydralisk x3  
  70  5:42  Overlord  
  76  5:47  Hydralisk x2  
  80  5:53  Drone  
  80  5:56  Evolution Chamber  
  80  6:03  Hydralisk  
  80  6:04  Hydralisk x3  
  82  6:11  Zergling x8  
  92  6:21  Overlord  
  91  6:30  Zergling x4  
  91  6:31  Lurker Den  
  93  6:33  Drone x4  
  97  6:42  Overlord  
  97  6:43  Drone  
  97  6:44  Zerg Ground Armor Level 2  
  98  6:48  Zerg Missile Weapons Level 1  
  98  6:49  Drone x2  
  98  6:51  Drone  
  99  6:57  Zergling x2  
  99  6:58  Zergling x8  
  89  7:04  Drone x4  
  89  7:08  Hydralisk  
  89  7:13  Overlord  
  89  7:14  Hydralisk  
  93  7:18  Hydralisk  
  93  7:22  Pneumatized Carapace  
  94  7:24  Drone x3  
  94  7:27  Extractor  
  94  7:28  Extractor  
  95  7:30  Drone  
  95  7:32  Drone x3  
  95  7:36  Hydralisk  
  101  7:39  Drone x3  
  104  7:55  Hatchery  
  103  8:06  Lurker x5  
  103  8:07  Zergling x6  
  103  8:08  Zergling x16  
  103  8:10  Overlord  
  119  8:15  Hydralisk  
  119  8:18  Overlord  
  122  8:23  Overlord  
  122  8:24  Overlord  
  121  8:27  Spine Crawler  
  121  8:31  Hydralisk x4  
  128  8:35  Lurker  
  128  8:40  Hydralisk, Hatchery  
  130  8:44  Hydralisk  
  133  8:51  Hydralisk  
  133  8:53  Hydralisk  
  135  8:58  Hydralisk  
  137  9:09  Hydralisk x3  
  106  9:20  Hydralisk x3  
  106  9:23  Hydralisk  
  107  9:34  Drone x3  
  107  9:35  Drone x3  
  113  9:39  Hatchery  
  113  9:43  Hydralisk  
  113  9:44  Hydralisk x4  
  122  9:59  Hydralisk  
  122  10:00  Hydralisk x2  
  122  10:02  Overlord  
  122  10:04  Hydralisk x2  
Tags
 
Add a new tag
Caveats
  • Supply blocks, unpowered buildings, or Contaminate may cause inaccurate times.
  • Supply counts are checked every 10 seconds.